 Dungeon Crawl Stone Soup version 0.14-a0-30-gf0b6e91 (webtiles) character file.

238 Malachi the Skirmisher (level 4, 0/39 HPs)
             Began as a Centaur Fighter on Sept 27, 2013.
             Killed by divine providence
             ... invoked by an orc priest
              (10 damage)
             ... on Level 3 of the Dungeon.
             The game lasted 00:04:46 (1941 turns).

Malachi the Skirmisher (Centaur Fighter)            Turns: 1941, Time: 00:04:46

HP   0/39        AC 11     Str 19      XL: 4   Next: 83%
MP   2/2         EV  6     Int  7      God:
Gold 112         SH 17     Dex  9      Spells:  0 memorised,  3 levels left

Res.Fire  : + . .   See Invis. : .   a - +0 trident
Res.Cold  : + . .   Warding    : .   r - +2 ring mail {rF+}
Life Prot.: . . .   Conserve   : .   c - +0 shield
Res.Poison: .       Res.Corr.  : .   (no helmet)
Res.Elec. : .       Clarity    : .   k - +2 cloak
Sust.Abil.: . .     Spirit.Shd : .   (no gloves)
Res.Mut.  : .       Stasis     : .   (no barding)
Res.Rott. : .       Flight     : .   (no amulet)
Saprovore : . . .                    n - ring of protection from cold
                                     m - ring of protection from magic

@: very quick, somewhat resistant to hostile enchantments, extremely unstealthy
A: hooves 3, deformed body, herbivore 1, speed 2, fast metabolism 1, tough skin
3
a: no special abilities


You were on level 3 of the Dungeon.
You were not hungry.

You visited 1 branch of the dungeon, and saw 3 of its levels.

You collected 92 gold pieces.

Inventory:

Hand weapons
 a - a +0,+0 trident (weapon)
 A - a +2,+2 quarterstaff of chaos
Armour
 b - a +0 scale mail
 c - a +0 shield (worn)
 k - a +2 cloak (worn)
 p - a +0 cloak of magic resistance
 r - a +2 ring mail of fire resistance (worn)
Magical devices
 o - a wand of draining (3)
 y - a wand of frost (0)
Comestibles
 d - 3 bread rations
 f - an apple
 h - 2 meat rations
 q - a chunk of adder flesh
 s - a rambutan
 u - a chunk of adder flesh
 v - a choko
 w - a chunk of adder flesh
 x - a chunk of giant gecko flesh
 z - a pear
Scrolls
 i - 3 scrolls of fog
 j - a scroll of enchant weapon II {unknown}
 t - a scroll of remove curse
Jewellery
 m - a ring of protection from magic (left hand)
 n - a ring of protection from cold (right hand)
Potions
 e - 3 potions of curing {unknown}
 g - a potion of heal wounds {unknown}
 l - a potion of resistance {unknown}


   Skills:
 + Level 3.4 Fighting
 * Level 2.8 Polearms
 + Level 2.9 Armour
 + Level 0.9 Dodging
 + Level 2.6 Shields


You had 3 spell levels left.
You didn't know any spells.

Dungeon Overview and Level Annotations

Branches:
Dungeon (3/27)

Altars:


Innate Abilities, Weirdness & Mutations

You have hooves in place of feet.
Armour fits poorly on your strangely shaped body.
You digest meat inefficiently.
You cover ground very quickly.
You have a fast metabolism.
You have extremely tough skin (AC +3).


Message History

The orc priest shouts!
The orc shouts!
The orc wizard shouts!
The orc priest calls down the wrath of Beogh upon you.
Something smites you!
The orc throws a tomahawk.
The tomahawk misses you.
You see here a tomahawk.
The orc throws a tomahawk.
You block the tomahawk.
You see here 2 tomahawks.
The orc wizard points at you and mumbles some strange words.
The magic dart hits you!
The orc priest mumbles some strange prayers to Beogh against you.
Something smites you!
* * * LOW HITPOINT WARNING * * *
You block the orc's attack. The orc hits you.
* * * LOW HITPOINT WARNING * * *
The orc wizard points at you and mumbles some strange words.
The magic dart hits you!
* * * LOW HITPOINT WARNING * * *
The orc priest mumbles some strange prayers to Beogh against you.
Something smites you!
You die...

#........#.# #........#.#
#........# # #........# .
#########........# .
........#........##### .##
........#............# ..#
........#.........##.#...#
........#.......@..#.#...#..
............%....#.#.........
............)...o#...#
.............oo..###.#
............o....# #.#
.................# #.#
###.........###### #.#
#............# #.#
#............# #+#


You could see an orc priest, an orc wizard and 2 orcs.

Vanquished Creatures
  Crazy Yiuf (D:2)
  4 adders
  A worm (D:2)
  3 giant geckos
  An ooze (D:1)
  An orc (D:3)
  2 bats (D:2)
  A giant cockroach (D:1)
  10 goblins
  5 hobgoblins
  4 jackals
  6 kobolds
  A quokka (D:2)
  A ball python (D:2)
  3 giant newts
  7 rats
51 creatures vanquished.

Notes
Turn   | Place    | Note
--------------------------------------------------------------
     0 | D:1      | Malachi, the Centaur Fighter, began the quest for the Orb.
     0 | D:1      | Reached XP level 1. HP: 19/19 MP: 0/0
    71 | D:1      | Reached XP level 2. HP: 9/26 MP: 1/1
   850 | D:1      | Reached XP level 3. HP: 33/33 MP: 2/2
  1367 | D:2      | Noticed Crazy Yiuf
  1381 | D:2      | Killed Crazy Yiuf
  1381 | D:2      | Reached XP level 4. HP: 26/39 MP: 2/2
  1941 | D:3      | Killed from afar by an orc priest

Action                   |  1- 3 |  4- 6 || total
-------------------------+-------+-------++-------
Melee: Trident           |   105 |    44 ||   149
Evoke: Wand              |     2 |     1 ||     3
  Use: Scroll            |       |     9 ||     9
